 Seeded DCSS version 0.29.1-13-g9f3cf754e1 (webtiles) character file.

Game seed: 2733625707424447088 (custom seed)

264 sanboga the Chopper (level 5, -4/47 HPs)
             Began as a Minotaur Monk on Feb 6, 2023.
             Succumbed to Sigmund's poison
             ... on level 4 of the Dungeon.
             The game lasted 00:04:26 (4146 turns).

sanboga the Chopper (Minotaur Monk)                 Turns: 4146, Time: 00:04:26

Health: -4/47      AC:  7    Str: 17 (18) XL:     5   Next: 98%
Magic:  4/4        EV: 10    Int: 10 (13) God:
Gold:   76         SH:  0    Dex: 11 (12) Spells: 4/4 levels left

rFire   + . .      SeeInvis .   a - +0 hand axe
rCold   + . .      Faith    .   i - +0 buckler
rNeg    . . .      Spirit   .   o - +0 scale mail
rPois   .          Reflect  .   (helmet restricted)
rElec   .          Harm     .   g - scarf {rC+ rF+}
rCorr   .          Rampage  .   q - +0 pair of gloves
Will    .....                   (no boots)
Stlth   ..........              (no amulet)
HPRegen 0.15/turn               j - ring of flight
MPRegen 0.09/turn               s - +6 ring of intelligence

@: confused, lethally poisoned (-4 -> -29), flying
A: horns 2, retaliatory headbutt
a: no special abilities


You were on level 4 of the Dungeon.
You visited 1 branch of the dungeon, and saw 4 of its levels.

You collected 142 gold pieces.
You spent 66 gold pieces at shops.

Inventory:

Hand Weapons
 a - a +0 hand axe (weapon)
Armour
 d - a +0 tower shield
 g - a scarf of resistance (worn)
 i - a +0 buckler (worn)
 o - a +0 scale mail (worn)
 q - a +0 pair of gloves (worn)
Jewellery
 j - a ring of flight (left hand)
 k - a ring of ice
 s - a +6 ring of intelligence (right hand)
Scrolls
 f - 2 scrolls of noise {unknown}
 l - 4 scrolls of teleportation {unknown}
 n - a scroll of enchant weapon {unknown}
 r - a scroll of magic mapping {unknown}
Potions
 b - 2 potions of degeneration
 c - a potion of ambrosia
 e - a potion of haste {unknown}
 h - a potion of brilliance {unknown}
 m - a potion of magic
 p - a potion of resistance {unknown}


   Skills:
 + Level 4.8 Fighting
 * Level 5.8 Axes
 + Level 3.0 Armour
 - Level 3.2 Dodging
 - Level 1.5 Stealth
 + Level 2.9 Shields


You had 4 spell levels left.
You didn't know any spells.
Your spell library contained the following spells:

 Spells                   Type           Power      Damage    Failure   Level
 Freeze                   Ice            0%         1d3       86%         1
 Ensorcelled Hibernation  Hex/Ice        0%         N/A       94%         2
 Passwall                 Tmut/Erth      0%         N/A       94%         2
 Poisonous Vapours        Pois/Air       0%         N/A       94%         2
 Swiftness                Air            0%         N/A       99%         3
 Corpse Rot               Necr/Pois/Air  0%         N/A       100%        4


Dungeon Overview and Level Annotations

Branches:
Dungeon (4/15)
 Temple: D:4-7

Altars:
Ashenzari
Cheibriados
Fedhas
Sif Muna
The Shining One

Shops:
D:2 ?

Annotations:
D:4 Sigmund


Innate Abilities, Weirdness & Mutations

You have a pair of horns on your head.
You reflexively headbutt those who attack you in melee.


Message History

You hit Sigmund.
Sigmund is moderately wounded.
You feel sick.
You hit Sigmund.
Sigmund is moderately wounded.
You feel sick.
Sigmund gestures wildly while chanting.
Sigmund flickers and vanishes!
Deactivating autopickup; reactivate with Ctrl-A.
No target in view!
No target in view!
No target in view!
You hit something but do no damage.
You feel sick.
You hear some strange, mumbled words.
You are confused.
You feel sick. Something hits you.
You are more poisoned.
You feel sick.
You hear some strange, mumbled words.
You are more confused.
You bump into the rock wall.
You feel sick. Something hits you.
You are more poisoned.
You bump into the rock wall.
You feel very sick.
You barely miss something. You headbutt something.
You feel sick. Something hits you!
You are lethally poisoned!
You closely miss something.
* * * LOW HITPOINT WARNING * * *
You feel very sick. Something hits you!
* * * LOW HITPOINT WARNING * * *
You are more poisoned.
It was a potion of degeneration.
There was something very wrong with that liquid.
You feel weakened.
You feel dopey.
You feel clumsy.
* * * LOW HITPOINT WARNING * * *
You feel very sick.
It was a potion of magic.
Magic courses through your body.
You die...

# #.##.....#
#.#.###.#
#.#.##.....#.#
#.#.# #.#
#...........#
#.# #.#
###.##.....#.###
#.# #.#
#.......<[....
#.# #.#
####...###.##.
#.# #.# #.###
.##.###.# #.#
#.# #...##.###.#
..# #.#@.......#
... #.{....#####
#......#####
###$... #####


There were no monsters in sight!

Vanquished Creatures
  A scorpion (D:3)
  Terence (D:2)
  Robin (D:2)
  2 adders
  4 gnolls (D:3)
  5 worms (D:2)
  5 dart slugs
  An orc (D:3)
  8 ball pythons
  7 endoplasms
  3 giant cockroaches
  9 goblins
  15 hobgoblins
  A quokka (D:1)
  7 bats
  8 kobolds
  11 rats
89 creatures vanquished.

Vanquished Creatures (others)
  2 fungi (D:2)
  A plant (D:2)
3 creatures vanquished.

Grand Total: 92 creatures vanquished

Notes
Turn   | Place    | Note
-------+----------+-------------------------------------------
     0 | D:1      | sanboga the Minotaur Monk began the quest for the Orb.
     0 | D:1      | Reached XP level 1. HP: 19/19 MP: 0/0
   248 | D:1      | Reached XP level 2. HP: 12/27 MP: 1/1
   561 | D:1      | Reached skill level 4 in Axes
   813 | D:1      | Reached skill level 1 in Armour
   813 | D:1      | Reached skill level 1 in Shields
   994 | D:1      | Reached XP level 3. HP: 28/33 MP: 2/2
  1511 | D:2      | Noticed Terence
  1526 | D:2      | Killed Terence
  1527 | D:2      | Reached XP level 4. HP: 5/40 MP: 3/3
  1820 | D:2      | Noticed Robin
  1835 | D:2      | Killed Robin
  2029 | D:2      | Found a faded altar of an unknown god.
  2074 | D:2      | Got Plato's Tome of Snow
  2144 | D:2      | Reached skill level 5 in Axes
  2531 | D:2      | Found a broken altar of Ashenzari.
  2830 | D:2      | Found Peishrigong's Magic Scroll Shop.
  2841 | D:2      | Bought a scroll of immolation for 44 gold pieces
  2841 | D:2      | Bought a scroll of identify for 22 gold pieces
  2923 | D:3      | Noticed a scorpion
  2933 | D:3      | Killed a scorpion
  2934 | D:3      | Reached XP level 5. HP: 20/47 MP: 4/4
  3173 | D:3      | Found a shimmering blue altar of Sif Muna.
  3507 | D:3      | Found a blossoming altar of Fedhas.
  3704 | D:3      | Found a glowing golden altar of the Shining One.
  3704 | D:3      | Found a snail-covered altar of Cheibriados.
  4132 | D:4      | Noticed Sigmund
  4145 | D:4      | HP: 1/47 [poisoned by Sigmund]
  4146 | D:4      | Succumbed to Sigmund's poison

Illustrated notes

Levels and vault maps discovered:
D:1:      minmay_arrival_jagged, layout_loops_cross
D:2:      cheibrodos_helix_gallery, layout_loops_ring,
          shapermc_ecumenical_altar_rom_forum, basic_altar, serial_shops,
          nicolae_shop_statue_plus, minmay_misc_feat_hallway, uniq_robin,
          uniq_terence
D:3:      layout_rooms, mainiacjoe_overflow_cross_hatched,
          fedhas_altar_fruit_tree, gammafunk_temple_overflow_pools
D:4:      minmay_diamond_boxcup, layout_loops_ring,
          lemuel_coloured_pillars_altar, nicolae_ru_path_of_blood,
          mainiacjoe_overflow_catch_the_wave, minmay_manual_monolith,
          uniq_eustachio, uniq_crazy_yiuf_cottage, uniq_sigmund

Skill      XL: |  1  2  3  4  5 |
---------------+----------------+-----
Axes           | 4 5 |  5.8
Armour         | 1 2 3 |  3.0
Shields        | 1 2 |  2.9
Fighting       | 4 |  4.8
Dodging        | |  3.2
Stealth        | |  1.5

Action                   |  1- 3 |  4- 6 || total
-------------------------+-------+-------++-------
Melee: Hand axe          |    77 |   155 ||   232
       Headbutt          |    14 |    33 ||    47
  Use: Scroll            |       |     3 ||     3
       Potion            |       |     2 ||     2
 Stab: Sleeping          |     5 |       ||     5
Armor: Robe              |     6 |       ||     6
       Scale mail        |       |    47 ||    47
Dodge: Dodged            |    30 |    54 ||    84
Block: Tower shield      |    20 |       ||    20
       Buckler           |     7 |    23 ||    30
